 Dungeon Crawl Stone Soup version 0.27-a0-1136-g0b992a5a9d (webtiles) character file.

Game seed: 12453253156554667255

53 Mels the Insei (level 3, -2/23 HPs)
             Began as an Octopode Transmuter on May 4, 2021.
             Was an Initiate of Cheibriados.
             Slain by an orc priest
             ... wielding a +0 short sword
              (3 damage)
             ... on level 2 of the Dungeon.
             The game lasted 00:01:58 (1861 turns).

Mels the Insei (Octopode Transmuter)                Turns: 1861, Time: 00:01:59

Health: -2/23      AC:  1    Str: 10    XL:     3   Next: 87%
Magic:  6/6        EV: 13    Int: 17    God:    Cheibriados [......]
Gold:   24         SH:  0    Dex: 13    Spells: 6/7 levels left

rFire    . . .     SeeInvis .     - Unarmed
rCold    . . .     Faith    .   (no shield)
rNeg     . . .     Spirit   .   (helmet currently unavailable)
rPois    .         Reflect  .   (no amulet)
rElec    .         Harm     .   (no ring)
rCorr    .         Rampage  .   (no ring)
Will     .....                  (no ring)
Stlth    ++........             (no ring)
HPRegen  0.07/turn              (no ring)
MPRegen  0.10/turn              (no ring)
                                (no ring)
                                (no ring)

@: appendages (expiring), very slow
A: tentacle spike 3, almost no armour, amphibious, 8 rings, camouflage 1,
gelatinous body 1, (nimble swimmer 1), tentacles
a: End Transformation, Renounce Religion, Bend Time


You were on level 2 of the Dungeon.
You worshipped Cheibriados.
Cheibriados was noncommittal.
One of your tentacles had grown a beastly spike.
You visited 1 branch of the dungeon, and saw 2 of its levels.

You collected 24 gold pieces.

Inventory:

Scrolls
 a - a scroll of noise {unknown}
 b - 2 scrolls of identify {unknown}
Potions
 c - a potion of heal wounds {unknown}
 d - a potion of lignification {unknown}


   Skills:
 + Level 1.6 Fighting
 + Level 2.3 Dodging
 + Level 3.2 Unarmed Combat
 * Level 2.5 Spellcasting
 * Level 2.7 Transmutations


You had 6 spell levels left.
You knew the following spells:

 Your Spells              Type           Power      Damage    Failure   Level
a - Beastly Appendage     Tmut           22%        N/A       6%          1

Your spell library contained the following spells:

 Spells                   Type           Power      Damage    Failure   Level
 Wereblood                Tmut           11%        N/A       9%          2
 Spider Form              Tmut/Pois      3%         N/A       30%         3
 Ice Form                 Ice/Tmut       6%         N/A       71%         4
 Hydra Form               Tmut           5%         N/A       86%         5


Dungeon Overview and Level Annotations

Branches:
Dungeon (2/15)

Altars:
Cheibriados

Annotations:
D:2 Terence


Innate Abilities, Weirdness & Mutations

One of your tentacles has grown a beastly spike.
You cannot wear most types of armour.
You are amphibious.
You can wear up to eight rings at the same time.
Your skin changes colour to match your surroundings (Stealth+).
Your rubbery body absorbs attacks. (AC +1, EV +1)
((You are camouflaged near water. (Stealth+)))
You have tentacles for arms and can constrict up to eight enemies at once.


Message History

The orc hits you with a +0 short sword.
The orc priest looks braver for a moment.
The orc closely misses you.
Casting: Beastly Appendage (safe; 6% risk of failure)
Confirm with . or Enter, or press ? or * to list all spells.
One of your tentacles grows a vicious spike.
The orc hits you with a +0 short sword.
You barely miss the orc. Your grab misses the orc.
You pierce the orc, but do no damage.
The orc misses you.
You barely miss the orc. Your grab misses the orc.
You pierce the orc.
The orc is lightly wounded.
The orc barely misses you.
You tentacle-slap the orc. You grab the orc.
You pierce the orc, but do no damage.
The orc is heavily wounded.
Your transformation is almost over.
You constrict the orc. The orc hits you with a +0 short sword.
You tentacle-slap the orc but do no damage.
You squeeze the orc, but do no damage.
The orc is severely wounded.
You constrict the orc, but do no damage.
You release your grip on the orc.
The orc barely misses you.
You barely miss the orc. You grab the orc.
You pierce the orc.
You kill the orc!
Cheibriados appreciates the change of pace.
The orc priest begins to cast a cantrip, but forgets the words!
The orc priest completely misses you.
The orc priest invokes the aid of Beogh against you.
Pain shoots through your body!
* * * LOW HITPOINT WARNING * * *
Things that are here:
a +0 short sword; a +0 chain mail; an orc corpse You tentacle-slap the orc priest.
You grab the orc priest.
The orc priest is moderately wounded.
You constrict the orc priest. The orc priest misses you.
You tentacle-slap the orc priest.
The orc priest is heavily wounded.
You constrict the orc priest.
The orc priest hits you with a +0 short sword.
You die...

### ############
..<
........@o.## $
......####..##
.#### ###...#
#.....# ##.....#
#..._..#
.####.$....#####
.
....$......o.o..
...
..<......#######


You could see an orc priest.

Vanquished Creatures
  An adder (D:2)
  A dart slug (D:1)
  An orc (D:2)
  9 ball pythons (D:1)
  5 bats
  An endoplasm (D:1)
  3 goblins (D:1)
  2 hobgoblins (D:1)
  2 jackals (D:1)
  2 quokkas
  5 frilled lizards (D:1)
  3 kobolds (D:1)
  4 rats (D:1)
39 creatures vanquished.

Notes
Turn   | Place    | Note
-------+----------+-------------------------------------------
     0 | D:1      | Mels the Octopode Transmuter began the quest for the Orb.
     0 | D:1      | Reached XP level 1. HP: 13/13 MP: 3/3
    50 | D:1      | Reached XP level 2. HP: 8/18 MP: 3/5
   843 | D:1      | Reached XP level 3. HP: 23/23 MP: 4/6
  1427 | D:2      | Noticed Terence
  1470 | D:2      | Found a snail-covered altar of Cheibriados.
  1845 | D:2      | Became a worshipper of Cheibriados the Contemplative
  1859 | D:2      | HP: 1/23 [orc priest/nerve-wracking pain (8)]
  1861 | D:2      | Slain by an orc priest

Illustrated notes

Levels and vault maps discovered:
D:1:      beargit_arrival_diablo_church, layout_basic, minmay_split_cup_small
D:2:      layout_loops_ring, serial_shops, nicolae_shop_stone, basic_altar,
          uniq_terence

Action                   || total
-------------------------++-------
Melee: Unarmed           ||    81
       Constrict         ||    25
       Kick              ||    14
       Tentacles         ||    13
       Punch             ||     3
 Cast: Beastly Appendage ||    19
 Stab: Sleeping          ||     1
Armor: Skin              ||     6
Dodge: Dodged            ||    50

Table legend: (Time is in decaauts)
 A = Elapsed time spent in this place.
 B = Non-inter-level travel time spent in this place.
 C = Inter-level travel time spent in this place.
 D = Time resting spent in this place.
 E = Time spent auto-exploring this place.
 F = Levels seen in this place.
 G = Mean time per level.
                   A        B        C        D        E       F      G
               +--------+--------+--------+--------+--------+-----+--------+
         Total |   1860 |   1831 |     29 |    362 |   1211 |   2 |  930.0 |
       Dungeon |   1860 |   1831 |     29 |    362 |   1211 |   2 |  930.0 |
               +--------+--------+--------+--------+--------+-----+--------+

Top non-repeatable levels by time:
     D:1: 1778 daAuts
     D:2: 81 daAuts
